 Dungeon Crawl Stone Soup version 0.28-a0-1567-g1695149f81 (webtiles) character file.

Game seed: 14445109384528369226

12 murtidash the Sneak (level 2, -3/27 HPs)
             Began as a Hill Orc Delver on Jan 19, 2022.
             Slain by a scorpion (6 damage)
             ... on level 4 of the Dungeon.
             The game lasted 00:00:38 (251 turns).

murtidash the Sneak (Hill Orc Delver)                Turns: 251, Time: 00:00:39

Health: -3/27      AC:  3    Str: 14    XL:     2   Next: 33%
Magic:  2/2        EV: 11    Int: 10    God:
Gold:   0          SH:  0    Dex: 12    Spells: 1/1 levels left

rFire   . . .      SeeInvis .   a - +0 hand axe
rCold   . . .      Faith    .   (no shield)
rNeg    . . .      Spirit   .   b - +0 leather armour
rPois   .          Reflect  .   (no helmet)
rElec   .          Harm     .   (no cloak)
rCorr   .          Rampage  .   (no gloves)
Will    .....                   (no boots)
Stlth   ++........              (no amulet)
HPRegen 0.09/turn               (no ring)
MPRegen 0.08/turn               (no ring)

@: no status effects
A: no striking features
a: no special abilities


You were on level 4 of the Dungeon.
You visited 1 branch of the dungeon, and saw 2 of its levels.


   Skills:
 + Level 4.1 Fighting
 + Level 3.3 Axes
 - Level 1.5 Dodging
 - Level 4.1 Stealth


You had one spell level left.
You didn't know any spells.
Your spell library was empty.

Inventory:

Hand Weapons
 a - a +0 hand axe (weapon)
Armour
 b - a +0 leather armour (worn)
Wands
 g - a wand of digging (3)
Scrolls
 c - a scroll of fog
 d - a scroll of magic mapping {!r}
 e - a scroll of fear
Potions
 f - a potion of haste {@q3}

Dungeon Overview and Level Annotations

Branches:
Dungeon (5/15)
 Temple: D:4-7

Altars:

Annotations:
D:5 exclusion: jelly

#..............#
#.###..........#
# #..........#
#. #..........+
#.. #..........#
.. #.##########
#.#+#s#
#.#.?..s#
#...sr@.#
#..#....#
#.......S.
#.......###
##......#
###....# #....#
#....#


You could see 3 scorpions, a quokka (asleep) and a ball python (wandering).


Message History

Press ? for a list of commands and other information.
Found a stone staircase leading down.
A jelly comes into view.
Marking area around a jelly as unsafe for travelling.
A necrophage comes into view.
Found a stone staircase leading up.
There is a stone staircase leading up here.
You climb upwards.
There is a stone staircase leading down here.
A hound skeleton comes into view.
A hound skeleton is nearby!
You open the door.
There is an open door here.
You open the door.
There is an open door here.
You hit the hound skeleton. The hound skeleton barely misses you.
The hound skeleton bites you but does no damage.
You barely miss the hound skeleton.
The hound skeleton bites you. x2 😕 HP[-4]
You take 4 damage, and now have 15/19 hp.
MASSIVE DAMAGE!! (PAUSE)
You slash the hound skeleton! The hound skeleton closely misses you.
You barely miss the hound skeleton. The hound skeleton bites you.
The hound skeleton completely misses you. 😮 HP[-4]
You take 4 damage, and now have 11/19 hp.
MASSIVE DAMAGE!! (PAUSE)
You hit the hound skeleton. The hound skeleton closely misses you.
You hit the hound skeleton. The hound skeleton barely misses you.
The hound skeleton bites you but does no damage.
You hit the hound skeleton.
The hound skeleton barely misses you. 😮 HP[+1]
You hit the hound skeleton. The hound skeleton bites you.
The hound skeleton bites you but does no damage. 😮 HP[-2]
You take 2 damage, and now have 10/19 hp.
You slash the hound skeleton!
You destroy the hound skeleton!
Your Fighting skill increases to level 4!
Your Axes skill increases to level 3!
You have reached level 2! 😮 HP[+4] MP[+1]
You now have 27 max hp (+8).
You regained 4 hp, and now have 14/27 hp.
Your mp is fully restored (2).
You start resting. 😎 HP[+13]
Your hp is fully restored (27).
There is an open door here.
An orc comes into view. It is wielding a +0 whip.
You open the door.
There is an open door here.
Found a stone staircase leading down.
A scorpion comes into view.
The scorpion stings you. 😕 HP[-1]
You take 1 damage, and now have 26/27 hp.
The scorpion closely misses you. The scorpion misses you. x2
A scorpion comes into view. 😎 HP[+1]
Your hp is fully restored (27).
The scorpion barely misses you. The scorpion stings you!
You are poisoned.
The scorpion poisons you! 😮 HP[-8]
You take 8 damage, and now have 19/27 hp.
MASSIVE DAMAGE!! (PAUSE)
You feel very sick. 😮 HP[-3]
You take 3 damage, and now have 16/27 hp.
You feel sick. 😮 HP[-2]
You take 2 damage, and now have 14/27 hp.
You feel sick. The scorpion closely misses you. The scorpion stings you.
* * * LOW HITPOINT WARNING * * *
😨 HP[-6]
You take 6 damage, and now have 8/27 hp.
MASSIVE DAMAGE!! (PAUSE)
You feel sick. 😱 HP[-2]
You take 2 damage, and now have 6/27 hp.
You feel sick. 😱 HP[-1]
You take 1 damage, and now have 5/27 hp.
You feel sick. 😱 HP[-1]
You take 1 damage, and now have 4/27 hp.
You feel sick.
A ball python comes into view.
You feel sick.
You are no longer poisoned. 😱 HP[-1]
You take 1 damage, and now have 3/27 hp.
A quokka comes into view.
The scorpion misses you.
A scorpion comes into view.
The scorpion stings you.
You die...

Skill      XL: |  1 |
---------------+----+-----
Fighting       | 4 |  4.1
Axes           | 3 |  3.3
Dodging        | |  1.5
Stealth        | |  4.1

Action                   || total
-------------------------++-------
Melee: Hand axe          ||     9
Armor: Leather armour    ||     3
Dodge: Dodged            ||    12

Levels and vault maps discovered:
D:4:      layout_basic, minmay_shop_damaged, minmay_misc_feat_hallway,
          nicolae_specific_store, minmay_bent, uniq_natasha
D:5:      minmay_chambers_of_threes, layout_rooms, minmay_diced_spiral,
          uniq_sigmund

Notes
Turn   | Place    | Note
-------+----------+-------------------------------------------
     0 | D:5      | murtidash the Hill Orc Delver began the quest for the Orb.
     0 | D:5      | Reached XP level 1. HP: 19/19 MP: 1/1
     0 | D:5      | magus.rc [v1.11.3]
     8 | D:5      | Noticed a jelly
    23 | D:5      | Noticed a necrophage
    52 | D:4      | Reached skill level 4 in Fighting
    52 | D:4      | Reached skill level 3 in Axes
    52 | D:4      | Reached XP level 2. HP: 14/27 MP: 2/2
   227 | D:4      | Noticed a scorpion
   235 | D:4      | Noticed a scorpion
   243 | D:4      | HP: 6/27 [poisoned by a scorpion]
   249 | D:4      | Noticed a scorpion
   251 | D:4      | Slain by a scorpion

Vanquished Creatures
  A hound skeleton (D:4)
1 creature vanquished.

Table legend:
 A = Non-vault XP
 B = Vault XP
 C = Vault XP percentage of total XP
 D = Non-vault monster count
 E = Vault monster count
 F = Vault count percentage of total count
                 A         B        C        D         E       F
            +---------+---------+-------+---------+---------+-------
      Total |       0 |      18 | 100.0 |       0 |       1 | 100.0
            +---------+---------+-------+---------+---------+-------
        D:4 |       0 |      18 | 100.0 |       0 |       1 | 100.0
            +---------+---------+-------+---------+---------+-------

Illustrated notes

Table legend:
 A = Kills in this place as a percentage of kills in entire the game.
 B = Kills by you in this place as a percentage of kills by you in the entire game.
 C = Kills by friends in this place as a percentage of kills by friends in the entire game.
 D = Other kills in this place as a percentage of other kills in the entire game.
 E = Experience gained in this place as a percentage of experience gained in the entire game.
 F = Experience gained in this place divided by the number of levels of this place that you have seen.
                   A       B       C       D       E      F
               +-------+-------+-------+-------+-------+----------------------
         Total | 100.0 | 100.0 |   N/A |   N/A | 100.0 |   9.0
       Dungeon | 100.0 | 100.0 |   N/A |   N/A | 100.0 |   9.0
               +-------+-------+-------+-------+-------+----------------------

Table legend: (Time is in decaauts)
 A = Elapsed time spent in this place.
 B = Non-inter-level travel time spent in this place.
 C = Inter-level travel time spent in this place.
 D = Time resting spent in this place.
 E = Time spent auto-exploring this place.
 F = Levels seen in this place.
 G = Mean time per level.
                   A        B        C        D        E       F      G
               +--------+--------+--------+--------+--------+-----+--------+
         Total |    252 |    252 |      0 |    140 |     21 |   2 |  126.0 |
       Dungeon |    252 |    252 |      0 |    140 |     21 |   2 |  126.0 |
               +--------+--------+--------+--------+--------+-----+--------+

Top non-repeatable levels by time:
     D:4: 220 daAuts
     D:5: 32 daAuts
